3074 views
Uploaded 2020-03-10 13:16:01
Game version 1.32.2
29:51 long 4on4 ladder game on (8)Feralas_LV
Saved by BaDitO2
3074 views
Uploaded 2020-03-10 13:16:01
Game version 1.32.2
29:51 long 4on4 ladder game on (8)Feralas_LV


199 units @ 29.5k
/ 5.4k
178 buildings @ 18.9k
/ 8.7k

| Lesser Clarity Potion | 1 | 70 |
| Potion of Healing | 2 | 300 |
| Potion of Mana | 1 | 200 |
| Ivory Tower | 1 | 40 |
| total: | 5 | 610g |
| Peasant | 35 | 2625 | / | 0 |
| Siege Engine | 39 | 7605 | / | 2340 |
| Mortar Team | 1 | 180 | / | 70 |
| total: | 75 | 10410g | / | 2410w |
| Scout Tower | 46 | 1380 | / | 920 |
| Guard Tower | 22 | 1540 | / | 1100 |
| Arcane Tower | 1 | 70 | / | 50 |
| Lumber Mill | 3 | 360 | / | 0 |
| Farm | 19 | 1520 | / | 380 |
| Altar of Kings | 2 | 360 | / | 100 |
| Arcane Vault | 2 | 260 | / | 60 |
| Town Hall | 3 | 1155 | / | 615 |
| Blacksmith | 2 | 280 | / | 120 |
| Workshop | 7 | 980 | / | 980 |
| Keep | 2 | 640 | / | 420 |
| Castle | 1 | 360 | / | 210 |
| total: | 84 | 6295g | / | 3175w |
| 0:10 | Peasant |
| 0:10 | Peasant |
| 0:26 | Lumber Mill |
| 0:35 | Farm |
| 0:36 | Peasant |
| 0:44 | Altar of Kings |
| 0:49 | Altar of Kings |
| 0:54 | Peasant |
| 0:58 | Peasant |
| 1:04 | Scout Tower |
| 1:11 | Scout Tower |
| 1:14 | Scout Tower |
| 1:21 | Peasant |
| 1:21 | Peasant |
| 1:21 | Peasant |
| 1:33 | Farm |
| 2:02 | Scout Tower |
| 2:08 | Guard Tower |
| 2:17 | Guard Tower |
| 2:20 | Peasant |
| 2:21 | Peasant |
| 2:21 | Peasant |
| 2:21 | Peasant |
| 2:21 | Peasant |
| 2:32 | Arcane Tower |
| 3:03 | Flame Strike |
| 3:06 | Arcane Vault |
| 3:23 | Farm |
| 3:26 | Farm |
| 3:35 | Farm |
| 3:47 | Farm |
| 3:51 | Town Hall |
| 3:56 | Peasant |
| 3:56 | Peasant |
| 4:18 | Scout Tower |
| 4:35 | Lesser Clarity Potion |
| 4:38 | Peasant |
| 4:38 | Peasant |
| 4:38 | Peasant |
| 4:44 | Scout Tower |
| 4:46 | Scout Tower |
| 4:51 | Guard Tower |
| 4:59 | Keep |
| 5:14 | Blacksmith |
| 5:31 | Guard Tower |
| 6:43 | Guard Tower |
| 7:19 | Black Gunpowder |
| 7:19 | Iron Plating |
| 7:21 | Castle |
| 7:24 | Workshop |
| 7:27 | Improved Lumber Harvesting |
| 7:33 | Siphon Mana |
| 7:45 | Potion of Healing |
| 7:45 | Potion of Mana |
| 7:46 | Ivory Tower |
| 7:50 | Potion of Healing |
| 8:18 | Workshop |
| 8:19 | Workshop |
| 8:21 | Guard Tower |
| 9:18 | Workshop |
| 9:20 | Workshop |
| 9:44 | Siege Engine |
| 9:47 | Siege Engine |
| 9:56 | Steel Plating |
| 9:58 | Advanced Lumber Harvesting |
| 10:21 | Siege Engine |
| 10:26 | Farm |
| 10:28 | Farm |
| 10:28 | Farm |
| 10:38 | Siege Engine |
| 10:47 | Siege Engine |
| 10:52 | Farm |
| 10:52 | Farm |
| 10:53 | Farm |
| 11:12 | Farm |
| 11:13 | Farm |
| 11:14 | Farm |
| 11:16 | Siege Engine |
| 11:42 | Siege Engine |
| 11:48 | Siege Engine |
| 12:02 | Siege Engine |
| 12:23 | Siege Engine |
| 12:35 | Siege Engine |
| 12:40 | Siege Engine |
| 12:50 | Siege Engine |
| 12:58 | Lumber Mill |
| 13:12 | Siege Engine |
| 13:18 | Siege Engine |
| 13:33 | Siege Engine |
| 13:57 | Siege Engine |
| 14:07 | Siege Engine |
| 14:25 | Siege Engine |
| 14:37 | Siege Engine |
| 14:52 | Siege Engine |
| 15:08 | Siege Engine |
| 15:19 | Siege Engine |
| 15:19 | Siege Engine |
| 15:35 | Siege Engine |
| 15:47 | Siege Engine |
| 16:05 | Siege Engine |
| 16:20 | Siege Engine |
| 16:30 | Siege Engine |
| 16:44 | Siege Engine |
| 16:58 | Siege Engine |
| 17:15 | Siege Engine |
| 17:26 | Siege Engine |
| 17:41 | Siege Engine |
| 17:54 | Siege Engine |
| 18:15 | Siege Engine |
| 18:22 | Farm |
| 18:48 | Siege Engine |
| 19:03 | Siege Engine |
| 19:24 | Siege Engine |
| 20:07 | Town Hall |
| 21:02 | Blacksmith |
| 21:11 | Keep |
| 21:41 | Scout Tower |
| 22:03 | Scout Tower |
| 22:04 | Scout Tower |
| 22:05 | Scout Tower |
| 22:07 | Lumber Mill |
| 22:12 | Scout Tower |
| 22:12 | Scout Tower |
| 22:13 | Scout Tower |
| 22:13 | Scout Tower |
| 22:14 | Scout Tower |
| 22:14 | Scout Tower |
| 22:16 | Scout Tower |
| 22:48 | Scout Tower |
| 22:48 | Scout Tower |
| 22:49 | Scout Tower |
| 23:00 | Guard Tower |
| 23:01 | Guard Tower |
| 23:02 | Guard Tower |
| 23:05 | Guard Tower |
| 23:07 | Guard Tower |
| 23:09 | Guard Tower |
| 23:13 | Scout Tower |
| 23:14 | Scout Tower |
| 23:14 | Scout Tower |
| 23:15 | Scout Tower |
| 23:27 | Improved Masonry |
| 23:32 | Peasant |
| 23:32 | Peasant |
| 23:32 | Peasant |
| 23:41 | Guard Tower |
| 24:07 | Town Hall |
| 24:19 | Guard Tower |
| 24:36 | Arcane Vault |
| 24:49 | Advanced Masonry |
| 25:11 | Guard Tower |
| 25:15 | Scout Tower |
| 25:16 | Scout Tower |
| 25:17 | Scout Tower |
| 25:18 | Scout Tower |
| 25:18 | Scout Tower |
| 25:19 | Scout Tower |
| 25:48 | Guard Tower |
| 26:31 | Scout Tower |
| 26:38 | Peasant |
| 26:38 | Peasant |
| 26:38 | Peasant |
| 26:38 | Peasant |
| 26:40 | Peasant |
| 26:40 | Peasant |
| 26:41 | Peasant |
| 27:02 | Guard Tower |
| 27:04 | Scout Tower |
| 27:05 | Scout Tower |
| 27:07 | Scout Tower |
| 27:12 | Scout Tower |
| 27:15 | Scout Tower |
| 27:22 | Scout Tower |
| 27:32 | Workshop |
| 27:34 | Scout Tower |
| 27:35 | Guard Tower |
| 27:39 | Peasant |
| 27:39 | Peasant |
| 27:47 | Guard Tower |
| 27:49 | Guard Tower |
| 27:55 | Scout Tower |
| 28:01 | Scout Tower |
| 28:02 | Guard Tower |
| 28:06 | Scout Tower |
| 28:15 | Peasant |
| 28:15 | Peasant |
| 28:38 | Guard Tower |
| 28:41 | Workshop |
| 28:53 | Peasant |
| 28:53 | Peasant |
| 28:53 | Peasant |
| 29:01 | Scout Tower |
| 29:02 | Scout Tower |
| 29:03 | Scout Tower |
| 29:04 | Scout Tower |
| 29:25 | Mortar Team |
| 29:29 | Farm |
| 29:31 | Farm |
| 29:31 | Farm |
| Right click | 883 |
| Select | 377 |
| Build/train/purchase | 145 |
| Select group | 125 |
| Chat | 91 |
| Misc. action | 46 |
| Esc | 20 |
| Use ability | 12 |
| Assign group | 7 |
| Resource trade | 4 |
| Item give/drop | 2 |
| Minimap ping | 1 |

| Acolyte | 8 | 600 | / | 0 |
| Ghoul | 4 | 480 | / | 0 |
| Crypt Fiend | 15 | 3225 | / | 600 |
| Obsidian Statue | 9 | 1800 | / | 315 |
| Frost Wyrm | 4 | 1540 | / | 480 |
| total: | 40 | 7645g | / | 1395w |
| Nerubian Tower | 2 | 200 | / | 40 |
| Spirit Tower | 4 | 580 | / | 160 |
| Altar of Darkness | 1 | 180 | / | 50 |
| Ziggurat | 11 | 1650 | / | 550 |
| Crypt | 1 | 200 | / | 50 |
| Graveyard | 1 | 215 | / | 0 |
| Tomb of Relics | 1 | 130 | / | 30 |
| Necropolis | 1 | 225 | / | 0 |
| Slaughterhouse | 1 | 140 | / | 135 |
| Sacrificial Pit | 2 | 150 | / | 300 |
| Boneyard | 1 | 175 | / | 200 |
| Halls of the Dead | 1 | 320 | / | 210 |
| Black Citadel | 1 | 325 | / | 230 |
| total: | 20 | 3065g | / | 1315w |
| 0:07 | Altar of Darkness |
| 0:13 | Ziggurat |
| 0:16 | Acolyte |
| 0:16 | Acolyte |
| 0:27 | Crypt |
| 0:45 | Acolyte |
| 1:07 | Graveyard |
| 1:18 | Nerubian Tower |
| 1:33 | Ghoul |
| 1:48 | Ziggurat |
| 1:59 | Ghoul |
| 2:12 | Ghoul |
| 2:12 | Ghoul |
| 2:33 | Crypt Fiend |
| 2:50 | Ziggurat |
| 3:01 | Nerubian Tower |
| 3:22 | Crypt Fiend |
| 3:44 | Spirit Tower |
| 3:59 | Crypt Fiend |
| 4:04 | Frost Nova |
| 4:59 | Halls of the Dead |
| 5:00 | Crypt Fiend |
| 5:26 | Ziggurat |
| 5:30 | Ziggurat |
| 5:39 | Crypt Fiend |
| 6:43 | Spirit Tower |
| 6:45 | Spirit Tower |
| 6:51 | Crypt Fiend |
| 7:31 | Slaughterhouse |
| 7:33 | Sacrificial Pit |
| 7:40 | Sacrificial Pit |
| 7:45 | Black Citadel |
| 7:51 | Web |
| 8:28 | Frost Armor |
| 9:22 | Crypt Fiend |
| 9:22 | Crypt Fiend |
| 9:22 | Crypt Fiend |
| 9:23 | Crypt Fiend |
| 9:23 | Crypt Fiend |
| 9:31 | Tomb of Relics |
| 10:05 | Crypt Fiend |
| 10:50 | Boneyard |
| 10:55 | Destroyer Form |
| 11:29 | Obsidian Statue |
| 11:29 | Obsidian Statue |
| 11:56 | Crypt Fiend |
| 11:56 | Crypt Fiend |
| 12:03 | Freezing Breath |
| 12:20 | Unholy Strength |
| 13:40 | Frost Wyrm |
| 13:44 | Crypt Fiend |
| 14:10 | Obsidian Statue |
| 15:06 | Frost Nova |
| 16:10 | Necropolis |
| 16:18 | Acolyte |
| 16:22 | Obsidian Statue |
| 17:03 | Ziggurat |
| 17:06 | Ziggurat |
| 17:47 | Ziggurat |
| 17:49 | Ziggurat |
| 17:54 | Ziggurat |
| 18:17 | Obsidian Statue |
| 19:13 | Spirit Tower |
| 20:37 | Frost Wyrm |
| 20:39 | Obsidian Statue |
| 20:46 | Acolyte |
| 20:47 | Acolyte |
| 21:48 | Frost Armor |
| 22:08 | Frost Nova |
| 22:48 | Frost Armor |
| 22:51 | Frost Wyrm |
| 22:51 | Frost Wyrm |
| 22:54 | Obsidian Statue |
| 23:04 | Acolyte |
| 23:32 | Acolyte |
| 24:06 | Obsidian Statue |
| 24:06 | Obsidian Statue |
| 24:53 | Ziggurat |
| 28:56 | Death and Decay |
| Right click | 922 |
| Select | 206 |
| Build/train/purchase | 69 |
| Use ability | 18 |
| Misc. action | 11 |
| Select group | 6 |
| Assign group | 1 |
| Remove unit | 1 |


x1)
x1)
| Scroll of Regeneration | 3 | 300 |
| Potion of Healing | 1 | 150 |
| Staff of Sanctuary | 1 | 250 |
| Scroll of Town Portal | 3 | 1050 |
| Scroll of Healing | 1 | 250 |
| Tome of Retraining | 2 | 600 |
| Scroll of Protection | 1 | 150 |
| total: | 12 | 2750g |
| Peasant | 31 | 2325 | / | 0 |
| Footman | 5 | 675 | / | 0 |
| Rifleman | 2 | 410 | / | 60 |
| Spell Breaker | 8 | 1720 | / | 240 |
| Priest | 2 | 270 | / | 20 |
| Knight | 6 | 1470 | / | 360 |
| total: | 54 | 6870g | / | 680w |
| Scout Tower | 11 | 330 | / | 220 |
| Arcane Tower | 5 | 350 | / | 250 |
| Guard Tower | 5 | 350 | / | 250 |
| Altar of Kings | 1 | 180 | / | 50 |
| Barracks | 2 | 320 | / | 120 |
| Farm | 17 | 1360 | / | 340 |
| Arcane Vault | 6 | 780 | / | 180 |
| Town Hall | 4 | 1540 | / | 820 |
| Lumber Mill | 3 | 360 | / | 0 |
| Blacksmith | 1 | 140 | / | 60 |
| Arcane Sanctum | 3 | 450 | / | 420 |
| Keep | 2 | 640 | / | 420 |
| Castle | 1 | 360 | / | 210 |
| total: | 48 | 5460g | / | 2210w |
| 0:02 | Peasant |
| 0:05 | Altar of Kings |
| 0:06 | Peasant |
| 0:19 | Barracks |
| 0:19 | Peasant |
| 0:26 | Peasant |
| 0:33 | Farm |
| 0:49 | Farm |
| 0:54 | Peasant |
| 1:10 | Peasant |
| 1:20 | Footman |
| 1:30 | Peasant |
| 1:38 | Footman |
| 1:47 | Farm |
| 1:51 | Peasant |
| 1:51 | Peasant |
| 2:02 | Peasant |
| 2:06 | Summon Water Elemental |
| 2:16 | Peasant |
| 2:29 | Footman |
| 2:31 | Peasant |
| 2:41 | Arcane Vault |
| 3:00 | Peasant |
| 3:12 | Brilliance Aura |
| 3:30 | Town Hall |
| 3:33 | Peasant |
| 3:51 | Peasant |
| 4:04 | Farm |
| 4:35 | Peasant |
| 4:38 | Scout Tower |
| 4:40 | Lumber Mill |
| 4:51 | Keep |
| 5:02 | Scroll of Regeneration |
| 5:02 | Scroll of Regeneration |
| 5:10 | Arcane Tower |
| 5:13 | Scout Tower |
| 5:14 | Peasant |
| 5:14 | Peasant |
| 5:24 | Barracks |
| 5:28 | Peasant |
| 5:36 | Farm |
| 5:49 | Guard Tower |
| 6:00 | Peasant |
| 6:31 | Peasant |
| 6:34 | Scout Tower |
| 6:51 | Blacksmith |
| 7:11 | Guard Tower |
| 7:13 | Farm |
| 7:13 | Peasant |
| 7:15 | Summon Water Elemental |
| 7:22 | Castle |
| 7:25 | Arcane Sanctum |
| 7:27 | Arcane Sanctum |
| 7:49 | Footman |
| 7:49 | Footman |
| 7:51 | Scroll of Town Portal |
| 7:52 | Scroll of Regeneration |
| 7:54 | Potion of Healing |
| 8:14 | Rifleman |
| 8:22 | Flame Strike |
| 8:48 | Spell Breaker |
| 8:58 | Scout Tower |
| 8:58 | Scout Tower |
| 8:59 | Scout Tower |
| 9:00 | Scout Tower |
| 9:04 | Scout Tower |
| 9:15 | Lumber Mill |
| 9:19 | Spell Breaker |
| 9:28 | Arcane Tower |
| 9:30 | Arcane Tower |
| 9:30 | Arcane Tower |
| 9:31 | Scout Tower |
| 9:33 | Lumber Mill |
| 9:41 | Arcane Tower |
| 9:52 | Farm |
| 10:08 | Guard Tower |
| 10:10 | Scout Tower |
| 10:21 | Scout Tower |
| 10:40 | Arcane Vault |
| 10:40 | Improved Masonry |
| 10:46 | Farm |
| 10:49 | Farm |
| 11:03 | Guard Tower |
| 11:04 | Guard Tower |
| 11:07 | Farm |
| 11:08 | Farm |
| 11:23 | Priest Adept Training |
| 11:24 | Priest |
| 11:28 | Arcane Vault |
| 11:46 | Rifleman |
| 12:12 | Priest |
| 12:14 | Peasant |
| 12:27 | Arcane Vault |
| 13:05 | Farm |
| 13:09 | Priest Master Training |
| 13:10 | Peasant |
| 13:10 | Peasant |
| 13:31 | Brilliance Aura |
| 13:35 | Tome of Retraining |
| 13:35 | Retrain Hero |
| 13:36 | Blizzard |
| 13:36 | Blizzard |
| 13:37 | Brilliance Aura |
| 13:37 | Brilliance Aura |
| 13:38 | Scroll of Protection |
| 13:38 | Scroll of Healing |
| 14:05 | Town Hall |
| 14:17 | Peasant |
| 14:17 | Peasant |
| 14:53 | Siphon Mana |
| 15:37 | Spell Breaker |
| 15:41 | Advanced Masonry |
| 15:43 | Peasant |
| 15:43 | Peasant |
| 16:12 | Iron Plating |
| 16:16 | Knight |
| 16:18 | Peasant |
| 16:18 | Peasant |
| 16:32 | Control Magic |
| 16:52 | Staff of Sanctuary |
| 17:02 | Knight |
| 17:24 | Spell Breaker |
| 17:25 | Knight |
| 18:29 | Animal War Training |
| 18:36 | Arcane Sanctum |
| 18:38 | Arcane Vault |
| 18:49 | Farm |
| 18:49 | Farm |
| 19:21 | Farm |
| 19:23 | Farm |
| 20:02 | Scroll of Town Portal |
| 21:23 | Arcane Vault |
| 21:41 | Farm |
| 22:35 | Town Hall |
| 24:54 | Blizzard |
| 25:13 | Knight |
| 25:13 | Spell Breaker |
| 25:15 | Flame Strike |
| 25:38 | Scroll of Town Portal |
| 26:00 | Tome of Retraining |
| 26:00 | Retrain Hero |
| 26:03 | Banish |
| 26:03 | Flame Strike |
| 26:03 | Flame Strike |
| 26:07 | Knight |
| 26:08 | Spell Breaker |
| 26:12 | Iron Forged Swords |
| 27:29 | Siphon Mana |
| 28:00 | Spell Breaker |
| 28:26 | Steel Forged Swords |
| 29:03 | Knight |
| 29:03 | Spell Breaker |
| 29:06 | Town Hall |
| 29:30 | Mass Teleport |
| Right click | 1148 |
| Select | 698 |
| Select group | 627 |
| Chat | 624 |
| Build/train/purchase | 149 |
| Use ability | 101 |
| Assign group | 57 |
| Misc. action | 52 |
| Esc | 6 |
| Minimap ping | 5 |
| Resource trade | 5 |
| Item give/drop | 2 |
| Remove unit | 1 |
⇛
Shazbot
(29:46) : 
| Healing Salve | 2 | 200 |
| Scroll of Town Portal | 6 | 2100 |
| total: | 8 | 2300g |
| Peon | 8 | 600 | / | 0 |
| Raider | 10 | 1800 | / | 400 |
| Troll Batrider | 5 | 800 | / | 200 |
| Shaman | 4 | 520 | / | 80 |
| Kodo Beast | 1 | 255 | / | 60 |
| Tauren | 2 | 560 | / | 160 |
| total: | 30 | 4535g | / | 900w |
| Watch Tower | 4 | 440 | / | 320 |
| Orc Burrow | 10 | 1600 | / | 400 |
| Altar of Storms | 1 | 180 | / | 50 |
| War Mill | 1 | 205 | / | 0 |
| Voodoo Lounge | 2 | 260 | / | 60 |
| Great Hall | 1 | 385 | / | 185 |
| Beastiary | 3 | 435 | / | 420 |
| Spirit Lodge | 2 | 300 | / | 300 |
| Tauren Totem | 2 | 270 | / | 310 |
| Stronghold | 2 | 630 | / | 380 |
| Fortress | 1 | 325 | / | 190 |
| total: | 26 | 4075g | / | 2045w |
| 0:04 | Peon |
| 0:04 | Peon |
| 0:09 | Orc Burrow |
| 0:18 | Peon |
| 0:33 | Peon |
| 0:38 | Altar of Storms |
| 0:42 | Peon |
| 1:10 | War Mill |
| 1:11 | Peon |
| 1:21 | Voodoo Lounge |
| 1:25 | Peon |
| 1:41 | Peon |
| 2:12 | Stronghold |
| 2:28 | Steel Melee Weapons |
| 2:37 | Orc Burrow |
| 2:38 | Orc Burrow |
| 2:39 | Orc Burrow |
| 2:44 | Orc Burrow |
| 2:45 | Orc Burrow |
| 2:47 | Orc Burrow |
| 3:01 | Steel Armor |
| 3:06 | Feral Spirit |
| 4:35 | Beastiary |
| 4:36 | Beastiary |
| 4:40 | Beastiary |
| 4:43 | Pillage |
| 5:44 | Raider |
| 5:52 | Raider |
| 6:08 | Raider |
| 6:25 | Raider |
| 6:44 | Raider |
| 7:01 | Raider |
| 7:19 | Raider |
| 7:33 | Ensnare |
| 7:38 | Thorium Melee Weapons |
| 7:38 | Arcanite Melee Weapons |
| 8:07 | Troll Batrider |
| 8:57 | Fortress |
| 9:03 | Chain Lighting |
| 9:15 | Watch Tower |
| 9:16 | Watch Tower |
| 9:17 | Watch Tower |
| 9:18 | Watch Tower |
| 9:20 | Reinforced Defenses |
| 9:52 | Thorium Armor |
| 11:05 | Troll Batrider |
| 11:26 | Healing Salve |
| 11:28 | Scroll of Town Portal |
| 11:30 | Liquid Fire |
| 11:31 | Raider |
| 12:17 | Arcanite Armor |
| 13:01 | Troll Batrider |
| 13:14 | Scroll of Town Portal |
| 14:06 | Chain Lighting |
| 14:13 | Troll Batrider |
| 14:14 | Raider |
| 14:21 | Spirit Lodge |
| 14:23 | Spirit Lodge |
| 14:28 | Orc Burrow |
| 14:29 | Orc Burrow |
| 14:30 | Orc Burrow |
| 14:34 | Scroll of Town Portal |
| 15:50 | Troll Batrider |
| 16:07 | Scroll of Town Portal |
| 16:28 | Shaman Adept Training |
| 17:16 | Raider |
| 17:39 | Healing Salve |
| 18:02 | Scroll of Town Portal |
| 18:34 | Shaman Master Training |
| 18:39 | Voodoo Lounge |
| 19:21 | Feral Spirit |
| 19:40 | Tauren Totem |
| 19:43 | Tauren Totem |
| 19:44 | Shaman |
| 19:46 | War Drums Damage Increase |
| 19:47 | Kodo Beast |
| 20:13 | Shaman |
| 20:17 | Shaman |
| 20:20 | Shaman |
| 21:23 | Backpack |
| 21:27 | Pulverize |
| 21:31 | Tauren |
| 22:07 | Chain Lighting |
| 22:23 | Scroll of Town Portal |
| 22:29 | Great Hall |
| 23:04 | Tauren |
| 24:19 | Earth Quake |
| 27:20 | Feral Spirit |
| Chat | 584 |
| Right click | 387 |
| Select | 266 |
| Build/train/purchase | 96 |
| Use ability | 30 |
| Resource trade | 26 |
| Select group | 24 |
| Assign group | 12 |
| Minimap ping | 11 |
| Misc. action | 5 |
| Esc | 4 |
| Remove unit | 1 |
177 units @ 18.9k
/ 2.8k
102 buildings @ 16.4k
/ 7.4k

| Potion of Healing | 2 | 300 |
| Staff of Preservation | 1 | 150 |
| Orb of Venom | 1 | 325 |
| Scroll of Town Portal | 3 | 1050 |
| total: | 7 | 1825g |
| Wisp | 18 | 1080 | / | 0 |
| Archer | 12 | 1560 | / | 120 |
| Druid of the Talon | 7 | 1015 | / | 140 |
| total: | 37 | 3655g | / | 260w |
| Altar of Elders | 1 | 180 | / | 50 |
| Moon Well | 4 | 720 | / | 160 |
| Ancient of War | 1 | 150 | / | 60 |
| Ancient of Wonders | 1 | 90 | / | 30 |
| Tree of Life | 7 | 2380 | / | 1295 |
| Hunter's Hall | 1 | 210 | / | 100 |
| Ancient of Wind | 1 | 150 | / | 140 |
| Tree of Ages | 1 | 320 | / | 180 |
| Tree of Eternity | 1 | 330 | / | 200 |
| total: | 16 | 3880g | / | 1835w |
| 0:04 | Wisp |
| 0:04 | Wisp |
| 0:11 | Altar of Elders |
| 0:20 | Moon Well |
| 0:23 | Wisp |
| 0:35 | Ancient of War |
| 0:37 | Wisp |
| 0:47 | Wisp |
| 1:03 | Wisp |
| 1:16 | Wisp |
| 1:29 | Moon Well |
| 1:33 | Wisp |
| 1:33 | Wisp |
| 1:38 | Archer |
| 1:47 | Wisp |
| 2:09 | Evasion |
| 2:23 | Archer |
| 2:32 | Tree of Ages |
| 2:39 | Archer |
| 2:55 | Archer |
| 3:12 | Mana Burn |
| 3:19 | Moon Well |
| 3:31 | Archer |
| 3:45 | Archer |
| 4:44 | Moon Well |
| 4:50 | Archer |
| 4:56 | Improved Bows |
| 6:02 | Mana Burn |
| 6:12 | Ancient of Wind |
| 6:18 | Ancient of Wonders |
| 6:19 | Wisp |
| 6:19 | Wisp |
| 6:19 | Wisp |
| 6:59 | Tree of Life |
| 7:21 | Tree of Eternity |
| 7:22 | Druid of the Talon |
| 7:22 | Druid of the Talon |
| 7:38 | Potion of Healing |
| 7:39 | Staff of Preservation |
| 8:39 | Evasion |
| 9:24 | Wisp |
| 9:24 | Wisp |
| 9:24 | Wisp |
| 9:25 | Wisp |
| 9:25 | Wisp |
| 10:25 | Tree of Life |
| 10:40 | Druid of the Talon |
| 10:40 | Druid of the Talon |
| 10:41 | Druid of the Talon |
| 10:42 | Archer |
| 10:42 | Archer |
| 10:42 | Archer |
| 10:50 | Scroll of Town Portal |
| 10:50 | Orb of Venom |
| 10:51 | Potion of Healing |
| 11:40 | Scroll of Town Portal |
| 11:44 | Tree of Life |
| 12:33 | Mana Burn |
| 12:51 | Druid of the Talon |
| 12:51 | Druid of the Talon |
| 12:53 | Archer |
| 12:53 | Archer |
| 13:36 | Hunter's Hall |
| 14:28 | Tree of Life |
| 16:11 | Tree of Life |
| 19:23 | Metamorphosis |
| 20:23 | Tree of Life |
| 23:04 | Tree of Life |
| 26:09 | Scroll of Town Portal |
| 27:23 | Evasion |
| Right click | 2284 |
| Select group | 1664 |
| Select | 466 |
| Misc. action | 156 |
| Build/train/purchase | 68 |
| Use ability | 60 |
| Assign group | 24 |
| Chat | 18 |
| Minimap ping | 13 |
| Item give/drop | 5 |
| Remove unit | 1 |
| Esc | 1 |


| Moonstone | 1 | 50 |
| Orb of Venom | 1 | 325 |
| Scroll of Town Portal | 3 | 1050 |
| total: | 5 | 1425g |
| Wisp | 32 | 1920 | / | 0 |
| Dryad | 8 | 1160 | / | 480 |
| Mountain Giant | 8 | 2800 | / | 800 |
| total: | 48 | 5880g | / | 1280w |
| Ancient Protector | 11 | 1485 | / | 880 |
| Moon Well | 8 | 1440 | / | 320 |
| Altar of Elders | 1 | 180 | / | 50 |
| Ancient of Wonders | 3 | 270 | / | 90 |
| Hunter's Hall | 1 | 210 | / | 100 |
| Tree of Life | 4 | 1360 | / | 740 |
| Ancient of Lore | 2 | 310 | / | 290 |
| Tree of Ages | 1 | 320 | / | 180 |
| Tree of Eternity | 1 | 330 | / | 200 |
| total: | 30 | 5255g | / | 2470w |
| 0:10 | Wisp |
| 0:10 | Wisp |
| 0:14 | Moon Well |
| 0:17 | Altar of Elders |
| 0:40 | Wisp |
| 0:41 | Wisp |
| 0:41 | Wisp |
| 0:42 | Wisp |
| 1:08 | Moon Well |
| 1:12 | Wisp |
| 1:31 | Ancient of Wonders |
| 1:36 | Wisp |
| 1:37 | Wisp |
| 1:43 | Moon Well |
| 2:02 | Wisp |
| 2:02 | Wisp |
| 2:20 | Force of Nature |
| 2:32 | Hunter's Hall |
| 2:34 | Wisp |
| 2:34 | Wisp |
| 2:34 | Wisp |
| 2:40 | Wisp |
| 2:58 | Moon Well |
| 3:40 | Ancient Protector |
| 3:44 | Tree of Ages |
| 3:46 | Ultravision |
| 3:55 | Thorns Aura |
| 4:08 | Ancient Protector |
| 4:27 | Reinforced Hides |
| 4:28 | Strength of the Wild |
| 5:19 | Moon Well |
| 5:35 | Tree of Life |
| 5:50 | Ancient Protector |
| 6:10 | Ancient of Lore |
| 6:12 | Ancient of Lore |
| 6:15 | Nature's Blessing |
| 6:55 | Force of Nature |
| 7:30 | Dryad |
| 7:31 | Abolish Magic |
| 7:36 | Moonstone |
| 7:45 | Tree of Eternity |
| 7:52 | Wisp |
| 7:56 | Wisp |
| 8:03 | Wisp |
| 8:05 | Trueshot Aura |
| 8:56 | Wisp |
| 8:57 | Wisp |
| 8:57 | Wisp |
| 8:58 | Wisp |
| 9:10 | Improved Reinforced Hides |
| 9:12 | Dryad |
| 9:13 | Dryad |
| 9:42 | Ancient Protector |
| 10:15 | Ancient Protector |
| 10:18 | Ancient Protector |
| 10:57 | Mountain Giant |
| 10:57 | Hardened Skin |
| 10:57 | Resistant Skin |
| 11:31 | Tree of Life |
| 11:35 | Searing Arrows |
| 11:45 | Wisp |
| 11:45 | Wisp |
| 11:45 | Wisp |
| 11:46 | Wisp |
| 11:56 | Mountain Giant |
| 12:01 | Well Spring |
| 12:49 | Mountain Giant |
| 12:50 | Dryad |
| 13:32 | Thorns Aura |
| 13:50 | Ancient of Wonders |
| 14:09 | Advanced Reinforced Hides |
| 15:04 | Ancient of Wonders |
| 15:07 | Ancient Protector |
| 15:17 | Tree of Life |
| 15:20 | Ancient Protector |
| 15:23 | Ancient Protector |
| 15:35 | Moon Well |
| 15:48 | Scroll of Town Portal |
| 16:49 | Improved Strength of the Wild |
| 16:53 | Mountain Giant |
| 17:36 | Wisp |
| 17:36 | Wisp |
| 17:36 | Wisp |
| 17:48 | Trueshot Aura |
| 18:46 | Wisp |
| 19:43 | Ancient Protector |
| 19:52 | Force of Nature |
| 20:12 | Mountain Giant |
| 20:12 | Dryad |
| 20:13 | Advanced Strength of the Wild |
| 20:18 | Moon Well |
| 20:21 | Moon Well |
| 21:31 | Scroll of Town Portal |
| 21:35 | Searing Arrows |
| 22:24 | Tree of Life |
| 22:55 | Ancient Protector |
| 23:39 | Dryad |
| 24:41 | Wisp |
| 24:41 | Wisp |
| 25:44 | Mountain Giant |
| 26:31 | Mountain Giant |
| 27:23 | Tranquility |
| 28:42 | Scroll of Town Portal |
| 28:43 | Orb of Venom |
| 29:11 | Mountain Giant |
| 29:20 | Dryad |
| 29:20 | Dryad |
| Right click | 488 |
| Select group | 461 |
| Select | 327 |
| Build/train/purchase | 110 |
| Use ability | 41 |
| Assign group | 18 |
| Remove unit | 7 |
| Minimap ping | 7 |
| Resource trade | 4 |
| Chat | 4 |
| Item give/drop | 2 |



| Lesser Clarity Potion | 2 | 140 |
| Scroll of Regeneration | 1 | 100 |
| Scroll of Town Portal | 4 | 1400 |
| total: | 7 | 1640g |
| Peasant | 18 | 1350 | / | 0 |
| Footman | 7 | 945 | / | 0 |
| Sorceress | 3 | 465 | / | 60 |
| Priest | 3 | 405 | / | 30 |
| Knight | 2 | 490 | / | 120 |
| Mortar Team | 6 | 1080 | / | 420 |
| total: | 39 | 4735g | / | 630w |
| Scout Tower | 13 | 390 | / | 260 |
| Arcane Tower | 7 | 490 | / | 350 |
| Guard Tower | 4 | 280 | / | 200 |
| Altar of Kings | 1 | 180 | / | 50 |
| Farm | 11 | 880 | / | 220 |
| Barracks | 2 | 320 | / | 120 |
| Lumber Mill | 1 | 120 | / | 0 |
| Arcane Vault | 2 | 260 | / | 60 |
| Town Hall | 1 | 385 | / | 205 |
| Blacksmith | 1 | 140 | / | 60 |
| Cannon Tower | 4 | 480 | / | 400 |
| Arcane Sanctum | 1 | 150 | / | 140 |
| Workshop | 1 | 140 | / | 140 |
| Keep | 1 | 320 | / | 210 |
| Castle | 1 | 360 | / | 210 |
| total: | 34 | 2965g | / | 1255w |
| 0:05 | Peasant |
| 0:17 | Altar of Kings |
| 0:26 | Peasant |
| 0:28 | Farm |
| 0:32 | Barracks |
| 0:34 | Peasant |
| 0:40 | Peasant |
| 0:51 | Peasant |
| 1:00 | Farm |
| 1:14 | Peasant |
| 1:23 | Peasant |
| 1:33 | Footman |
| 1:54 | Scout Tower |
| 1:56 | Footman |
| 2:03 | Peasant |
| 2:15 | Summon Water Elemental |
| 2:17 | Footman |
| 2:27 | Arcane Tower |
| 2:37 | Farm |
| 2:52 | Brilliance Aura |
| 3:05 | Lumber Mill |
| 3:13 | Peasant |
| 3:13 | Footman |
| 3:17 | Peasant |
| 3:30 | Footman |
| 3:43 | Keep |
| 3:58 | Footman |
| 4:25 | Arcane Vault |
| 4:27 | Farm |
| 5:15 | Summon Water Elemental |
| 5:19 | Footman |
| 5:24 | Farm |
| 6:08 | Improved Lumber Harvesting |
| 6:34 | Arcane Sanctum |
| 6:38 | Peasant |
| 6:45 | Town Hall |
| 6:47 | Lesser Clarity Potion |
| 6:47 | Scroll of Regeneration |
| 6:58 | Scout Tower |
| 6:59 | Scout Tower |
| 7:02 | Storm Bolt |
| 7:05 | Peasant |
| 7:11 | Sorceress |
| 7:25 | Sorceress |
| 7:27 | Arcane Tower |
| 7:54 | Guard Tower |
| 8:20 | Sorceress Adept Training |
| 8:35 | Priest |
| 8:37 | Peasant |
| 8:52 | Blacksmith |
| 8:54 | Castle |
| 9:10 | Barracks |
| 9:27 | Priest |
| 9:47 | Scout Tower |
| 9:53 | Sorceress Master Training |
| 9:56 | Farm |
| 9:56 | Farm |
| 10:14 | Guard Tower |
| 10:25 | Scroll of Town Portal |
| 10:27 | Lesser Clarity Potion |
| 10:32 | Long Rifles |
| 10:33 | Iron Forged Swords |
| 10:35 | Improved Masonry |
| 10:57 | Scroll of Town Portal |
| 11:01 | Priest Adept Training |
| 11:03 | Iron Plating |
| 11:22 | Bash |
| 11:35 | Sundering Blades |
| 11:35 | Animal War Training |
| 11:37 | Advanced Lumber Harvesting |
| 11:54 | Magic Sentry |
| 12:06 | Workshop |
| 12:14 | Holy Light |
| 12:21 | Knight |
| 12:33 | Peasant |
| 12:48 | Black Gunpowder |
| 13:19 | Knight |
| 13:24 | Mortar Team |
| 13:26 | Farm |
| 13:31 | Sorceress |
| 13:46 | Mortar Team |
| 13:52 | Brilliance Aura |
| 14:04 | Priest |
| 14:17 | Scroll of Town Portal |
| 14:23 | Scout Tower |
| 14:25 | Scout Tower |
| 14:36 | Peasant |
| 14:45 | Peasant |
| 14:48 | Mortar Team |
| 14:54 | Scout Tower |
| 14:55 | Peasant |
| 15:05 | Scout Tower |
| 15:09 | Priest Master Training |
| 15:10 | Fragmentation Shards |
| 15:37 | Refined Gunpowder |
| 15:39 | Cannon Tower |
| 16:14 | Storm Bolt |
| 16:17 | Arcane Tower |
| 16:19 | Peasant |
| 16:37 | Scout Tower |
| 16:39 | Devotion Aura |
| 16:42 | Mortar Team |
| 16:45 | Studded Leather Armor |
| 16:46 | Farm |
| 17:05 | Scout Tower |
| 17:22 | Flare |
| 17:26 | Cannon Tower |
| 17:32 | Scout Tower |
| 17:38 | Control Magic |
| 18:04 | Guard Tower |
| 18:15 | Arcane Vault |
| 19:05 | Scout Tower |
| 19:09 | Scroll of Town Portal |
| 19:32 | Mortar Team |
| 19:54 | Cannon Tower |
| 19:56 | Scout Tower |
| 20:07 | Mortar Team |
| 20:33 | Arcane Tower |
| 21:27 | Farm |
| 21:27 | Farm |
| 21:31 | Holy Light |
| 21:40 | Summon Water Elemental |
| 21:41 | Bash |
| Select group | 1034 |
| Right click | 629 |
| Select | 612 |
| Misc. action | 223 |
| Build/train/purchase | 156 |
| Assign group | 76 |
| Chat | 41 |
| Use ability | 32 |
| Resource trade | 10 |
| Minimap ping | 5 |
| Item give/drop | 2 |
| Esc | 2 |
| Remove unit | 1 |

| Scroll of Town Portal | 1 | 350 |
| Periapt of Vitality | 1 | 325 |
| total: | 2 | 675g |
| Wisp | 26 | 1560 | / | 0 |
| Archer | 11 | 1430 | / | 110 |
| Flying Machine | 16 | 1600 | / | 480 |
| total: | 53 | 4590g | / | 590w |
| Ancient Protector | 3 | 405 | / | 240 |
| Altar of Elders | 2 | 360 | / | 100 |
| Moon Well | 5 | 900 | / | 200 |
| Ancient of War | 4 | 600 | / | 240 |
| Hunter's Hall | 3 | 630 | / | 300 |
| Tree of Life | 4 | 1360 | / | 740 |
| Ancient of Wonders | 1 | 90 | / | 30 |
| Tree of Ages | 1 | 320 | / | 180 |
| total: | 22 | 4345g | / | 1850w |
| 0:07 | Altar of Elders |
| 0:08 | Moon Well |
| 0:11 | Ancient of War |
| 0:22 | Wisp |
| 0:23 | Wisp |
| 0:47 | Wisp |
| 0:47 | Wisp |
| 0:47 | Wisp |
| 1:06 | Wisp |
| 1:07 | Wisp |
| 1:25 | Archer |
| 1:33 | Wisp |
| 1:33 | Wisp |
| 2:05 | Archer |
| 2:05 | Archer |
| 2:10 | Moon Well |
| 2:25 | Fan of Knives |
| 2:33 | Hunter's Hall |
| 3:03 | Archer |
| 3:03 | Archer |
| 3:07 | Moon Well |
| 3:38 | Strength of the Moon |
| 3:38 | Moon Armor |
| 3:46 | Shadow Strike |
| 4:08 | Moon Well |
| 4:14 | Archer |
| 4:49 | Archer |
| 4:49 | Archer |
| 5:23 | Periapt of Vitality |
| 5:30 | Moon Well |
| 6:25 | Archer |
| 6:26 | Archer |
| 6:26 | Archer |
| 6:43 | Tree of Ages |
| 7:18 | Fan of Knives |
| 10:21 | Blink |
| 10:43 | Tree of Life |
| 12:28 | Ancient of War |
| 12:31 | Altar of Elders |
| 12:35 | Ancient of Wonders |
| 13:03 | Tree of Life |
| 13:07 | Ancient of War |
| 13:09 | Ancient of War |
| 13:42 | Tree of Life |
| 16:16 | Hunter's Hall |
| 16:18 | Wisp |
| 16:18 | Wisp |
| 16:18 | Wisp |
| 16:18 | Wisp |
| 16:18 | Wisp |
| 17:20 | Hunter's Hall |
| 17:52 | Wisp |
| 17:52 | Wisp |
| 19:05 | Fan of Knives |
| 20:34 | Wisp |
| 20:34 | Wisp |
| 20:59 | Wisp |
| 20:59 | Wisp |
| 21:00 | Wisp |
| 21:53 | Wisp |
| 21:53 | Wisp |
| 21:54 | Wisp |
| 21:54 | Wisp |
| 21:54 | Wisp |
| 22:18 | Scroll of Town Portal |
| 22:44 | Ancient Protector |
| 22:45 | Ancient Protector |
| 22:49 | Ancient Protector |
| 23:11 | Flying Machine |
| 23:11 | Flying Machine |
| 23:11 | Flying Machine |
| 23:11 | Flying Machine |
| 23:11 | Flying Machine |
| 23:11 | Flying Machine |
| 23:11 | Flying Machine |
| 23:11 | Flying Machine |
| 23:53 | Flying Machine |
| 23:53 | Flying Machine |
| 23:53 | Flying Machine |
| 23:54 | Flying Machine |
| 24:14 | Flying Machine |
| 24:14 | Flying Machine |
| 25:14 | Flying Machine |
| 25:14 | Flying Machine |
| 26:17 | Tree of Life |
| 27:26 | Spirit of Vengeance |
| Right click | 858 |
| Select | 342 |
| Select group | 212 |
| Build/train/purchase | 95 |
| Minimap ping | 27 |
| Chat | 20 |
| Assign group | 12 |
| Use ability | 12 |
| Esc | 8 |
| Misc. action | 2 |
| Item give/drop | 1 |